[ AOE2 MATCH · #505179874 ]
UnrankedPersians vs Gurjaras
Player's team · LOSS
Rival team · WIN
[ REPLAY ANALYSIS · EXTRACTED FROM THE RECORDED GAME ]
Feudal
18:37
Castle
24:32
Imperial
43:09
| APM avg | 62.5 |
| APM peak | 129 |
| eAPM avg | 34.4 |
| Villagers / military | 299 / 664 |
Focus
⚔️ 36.9% · 🌾 63.1%
Spearman ×278 · Archer ×212 · Knight ×120 · Trebuchet (Packed) ×14 · Camel Scout ×11 · Battering Ram ×9
Feudal
10:00
Castle
32:31
Imperial
56:07
| APM avg | 46.0 |
| APM peak | 93 |
| eAPM avg | 24.2 |
| Villagers / military | 201 / 310 |
Focus
⚔️ 21.4% · 🌾 78.6%
Camel Scout ×97 · Shrivamsha Rider ×91 · Chakram Thrower ×86 · Scout Cavalry ×30 · Trebuchet (Packed) ×6
Match map
Initial resources + every placement click. Lines = walls · curves = elevation contours. ◆ gold · ⬟ stone · ● berries · ✦ relic · ◌ wall gap
Your base· Open — unwalled flank
Toskas123's base· Open — 3t gap
Smoothed initial terrain · ◌ = detected wall gap · hover for details
Inputs per minute
— FC_M@sTer - - Toskas123
Build order — FC_M@sTer
First 150 of 1087 actions detected
| 0:00 | Queue | Villager (Male) |
| 0:01 | Queue | Villager (Male) |
| 0:01 | Queue | Villager (Male) |
| 0:01 | Queue | Villager (Male) |
| 0:02 | Build | House |
| 0:03 | Build | House |
| 0:04 | Queue | Villager (Male) |
| 1:36 | Queue | Villager (Male) |
| 1:36 | Queue | Villager (Male) |
| 2:22 | Queue | Villager (Male) |
| 2:22 | Queue | Villager (Male) |
| 2:22 | Queue | Villager (Male) |
| 2:54 | Build | Lumber Camp |
| 3:13 | Queue | Villager (Male) |
| 3:13 | Queue | Villager (Male) |
| 3:13 | Queue | Villager (Male) |
| 3:35 | Build | House |
| 4:18 | Queue | Villager (Male) |
| 4:18 | Queue | Villager (Male) |
| 4:18 | Queue | Villager (Male) |
| 4:18 | Queue | Villager (Male) |
| 4:31 | Research | Loom |
| 4:48 | Build | House |
| 5:38 | Queue | Villager (Male) |
| 5:41 | Queue | Villager (Male) |
| 6:12 | Queue | Villager (Male) |
| 6:15 | Build | Mill |
| 6:59 | Build | Town Center |
| 7:57 | Queue | Villager (Male) |
| 7:57 | Queue | Villager (Male) |
| 7:57 | Queue | Villager (Male) |
| 8:12 | Build | House |
| 8:13 | Queue | Villager (Male) |
| 8:13 | Queue | Villager (Male) |
| 8:52 | Build | Palisade Wall |
| 8:54 | Build | Palisade Wall |
| 8:55 | Build | Palisade Wall |
| 9:06 | Queue | Villager (Male) |
| 9:06 | Queue | Villager (Male) |
| 9:12 | Build | Palisade Wall |
| 9:17 | Build | Palisade Wall |
| 9:59 | Queue | Villager (Male) |
| 10:00 | Queue | Villager (Male) |
| 10:28 | Queue | Villager (Male) |
| 10:28 | Queue | Villager (Male) |
| 10:52 | Queue | Villager (Male) |
| 10:53 | Queue | Villager (Male) |
| 10:53 | Queue | Villager (Male) |
| 10:57 | Build | House |
| 11:11 | Build | Palisade Wall |
| 11:22 | Build | House |
| 11:30 | Build | Palisade Gate |
| 11:38 | Build | Palisade Wall |
| 11:47 | Queue | Villager (Male) |
| 11:48 | Queue | Villager (Male) |
| 11:48 | Queue | Villager (Male) |
| 11:48 | Queue | Villager (Male) |
| 11:48 | Queue | Villager (Male) |
| 11:56 | Build | Palisade Wall |
| 12:01 | Build | Palisade Wall |
| 12:03 | Queue | Villager (Male) |
| 12:03 | Queue | Villager (Male) |
| 12:39 | Build | Town Center |
| 13:14 | Queue | Villager (Male) |
| 13:32 | Queue | Villager (Male) |
| 13:32 | Queue | Villager (Male) |
| 13:32 | Queue | Villager (Male) |
| 13:33 | Queue | Villager (Male) |
| 13:33 | Queue | Villager (Male) |
| 13:33 | Queue | Villager (Male) |
| 13:33 | Queue | Villager (Male) |
| 13:34 | Queue | Villager (Male) |
| 13:34 | Queue | Villager (Male) |
| 13:34 | Queue | Villager (Male) |
| 14:28 | Queue | Villager (Male) |
| 14:29 | Queue | Villager (Male) |
| 14:33 | Build | Mill |
| 15:21 | Queue | Villager (Male) |
| 15:21 | Queue | Villager (Male) |
| 15:27 | Build | Palisade Gate |
| 15:51 | Build | Mill |
| 15:55 | Queue | Villager (Male) |
| 15:55 | Queue | Villager (Male) |
| 16:26 | Build | House |
| 16:34 | Research | Feudal Age |
| 16:34 | Research | Feudal Age |
| 16:43 | Build | Mining Camp |
| 17:06 | Build | Palisade Wall |
| 17:17 | Build | House |
| 17:19 | Build | Palisade Wall |
| 17:20 | Build | Palisade Wall |
| 17:34 | Build | House |
| 17:39 | Build | Palisade Wall |
| 17:48 | Build | Barracks |
| 18:14 | Build | Farm |
| 18:16 | Build | Farm |
| 18:36 | Build | Palisade Gate |
| 18:37 | Age | Feudal Age |
| 19:24 | Queue | Villager (Male) |
| 19:25 | Queue | Villager (Male) |
| 19:27 | Build | Lumber Camp |
| 20:00 | Build | Farm |
| 20:21 | Build | Market |
| 20:36 | Queue | Villager (Male) |
| 20:36 | Queue | Villager (Male) |
| 20:36 | Queue | Villager (Male) |
| 20:36 | Queue | Villager (Male) |
| 20:53 | Build | Stable |
| 21:26 | Research | Castle Age |
| 21:26 | Research | Castle Age |
| 21:31 | Queue | Spearman |
| 21:31 | Queue | Spearman |
| 21:47 | Build | Farm |
| 22:04 | Build | Mining Camp |
| 22:12 | Build | Farm |
| 22:21 | Build | Mining Camp |
| 22:41 | Build | Farm |
| 22:51 | Build | House |
| 22:56 | Build | House |
| 23:36 | Build | House |
| 23:43 | Build | Palisade Wall |
| 23:44 | Build | Palisade Wall |
| 23:57 | Research | Gold Mining |
| 23:57 | Research | Gold Mining |
| 24:15 | Research | Double-Bit Axe |
| 24:15 | Research | Double-Bit Axe |
| 24:32 | Age | Castle Age |
| 24:40 | Build | Blacksmith |
| 24:42 | Queue | Knight |
| 24:43 | Queue | Knight |
| 24:46 | Queue | Villager (Male) |
| 24:46 | Queue | Villager (Male) |
| 24:55 | Research | Gold Shaft Mining |
| 24:55 | Research | Gold Shaft Mining |
| 25:27 | Queue | Villager (Male) |
| 25:27 | Queue | Villager (Male) |
| 25:44 | Build | Siege Workshop |
| 25:54 | Queue | Villager (Male) |
| 25:55 | Queue | Villager (Male) |
| 26:06 | Build | Mill |
| 26:35 | Queue | Battering Ram |
| 26:36 | Queue | Battering Ram |
| 26:42 | Queue | Spearman |
| 26:53 | Build | Farm |
| 26:59 | Queue | Spearman |
| 27:12 | Queue | Spearman |
| 27:31 | Build | Castle |
| 27:45 | Queue | Mangonel |
| 27:53 | Queue | Battering Ram |
| 27:57 | Queue | Battering Ram |
Build order — Toskas123
First 150 of 686 actions detected
| 0:00 | Queue | Villager (Male) |
| 0:01 | Queue | Villager (Male) |
| 0:01 | Queue | Villager (Male) |
| 0:02 | Build | House |
| 0:03 | Build | House |
| 0:08 | Queue | Villager (Male) |
| 0:31 | Build | Mill |
| 1:35 | Queue | Villager (Male) |
| 2:02 | Queue | Villager (Male) |
| 2:03 | Queue | Villager (Male) |
| 2:27 | Queue | Villager (Male) |
| 2:27 | Queue | Villager (Male) |
| 2:47 | Queue | Villager (Male) |
| 2:48 | Queue | Villager (Male) |
| 3:36 | Queue | Villager (Male) |
| 3:38 | Queue | Villager (Male) |
| 3:50 | Build | House |
| 4:04 | Queue | Villager (Male) |
| 4:56 | Queue | Villager (Male) |
| 5:19 | Queue | Villager (Male) |
| 5:19 | Queue | Villager (Male) |
| 5:23 | Queue | Villager (Male) |
| 5:23 | Queue | Villager (Male) |
| 5:31 | Build | Mill |
| 6:14 | Build | Lumber Camp |
| 6:51 | Build | House |
| 7:00 | Build | Palisade Wall |
| 7:02 | Build | Palisade Wall |
| 7:47 | Queue | Villager (Male) |
| 7:47 | Queue | Villager (Male) |
| 7:50 | Research | Feudal Age |
| 8:06 | Build | Lumber Camp |
| 8:51 | Research | Loom |
| 9:15 | Build | House |
| 10:00 | Age | Feudal Age |
| 10:01 | Queue | Villager (Male) |
| 10:01 | Queue | Villager (Male) |
| 11:26 | Build | Palisade Wall |
| 11:30 | Build | House |
| 11:32 | Build | Palisade Wall |
| 11:54 | Build | Town Center |
| 12:15 | Research | Double-Bit Axe |
| 13:01 | Queue | Villager (Male) |
| 13:01 | Queue | Villager (Male) |
| 13:01 | Queue | Villager (Male) |
| 13:01 | Queue | Villager (Male) |
| 13:37 | Build | Barracks |
| 13:41 | Build | Mining Camp |
| 13:50 | Research | Horse Collar |
| 14:04 | Build | House |
| 14:05 | Build | House |
| 14:33 | Queue | Villager (Male) |
| 14:33 | Queue | Villager (Male) |
| 15:02 | Build | Stable |
| 15:10 | Queue | Villager (Male) |
| 15:39 | Build | Town Center |
| 15:48 | Build | House |
| 15:49 | Build | House |
| 15:51 | Build | House |
| 15:59 | Queue | Scout Cavalry |
| 15:59 | Queue | Scout Cavalry |
| 16:18 | Build | House |
| 16:20 | Build | House |
| 16:26 | Queue | Villager (Male) |
| 16:26 | Queue | Villager (Male) |
| 16:54 | Build | Watch Tower |
| 17:15 | Build | Farm |
| 17:16 | Build | Farm |
| 17:16 | Build | Farm |
| 17:40 | Build | Farm |
| 17:44 | Build | Farm |
| 18:33 | Build | Watch Tower |
| 18:49 | Queue | Scout Cavalry |
| 18:53 | Queue | Villager (Male) |
| 19:22 | Build | House |
| 19:27 | Queue | Villager (Male) |
| 19:29 | Build | Farm |
| 19:37 | Build | Watch Tower |
| 20:03 | Queue | Villager (Male) |
| 20:06 | Build | Farm |
| 20:13 | Build | Watch Tower |
| 20:21 | Build | Farm |
| 20:25 | Build | Farm |
| 20:27 | Build | Mill |
| 20:30 | Build | Farm |
| 20:34 | Queue | Villager (Male) |
| 20:38 | Build | Farm |
| 20:49 | Queue | Villager (Male) |
| 21:17 | Queue | Villager (Male) |
| 21:17 | Queue | Villager (Male) |
| 21:31 | Build | House |
| 21:38 | Queue | Villager (Male) |
| 21:52 | Queue | Scout Cavalry |
| 21:56 | Build | Farm |
| 22:08 | Build | Palisade Wall |
| 22:11 | Queue | Villager (Male) |
| 22:17 | Build | Farm |
| 22:22 | Queue | Villager (Male) |
| 22:44 | Build | Market |
| 22:49 | Queue | Villager (Male) |
| 22:59 | Queue | Villager (Male) |
| 23:15 | Build | Watch Tower |
| 23:20 | Queue | Villager (Male) |
| 23:23 | Build | Farm |
| 23:24 | Build | Farm |
| 23:26 | Queue | Villager (Male) |
| 23:32 | Build | Watch Tower |
| 23:38 | Build | House |
| 23:41 | Build | House |
| 23:45 | Build | House |
| 23:53 | Queue | Villager (Male) |
| 23:59 | Build | Stone Wall |
| 24:02 | Build | Mining Camp |
| 24:33 | Build | Stone Wall |
| 24:46 | Build | Stone Wall |
| 24:47 | Queue | Villager (Male) |
| 24:47 | Queue | Villager (Male) |
| 24:55 | Build | Farm |
| 25:03 | Build | Farm |
| 25:17 | Build | House |
| 25:23 | Build | Farm |
| 25:24 | Queue | Camel Scout |
| 25:25 | Queue | Camel Scout |
| 25:34 | Build | House |
| 25:39 | Build | Palisade Wall |
| 25:41 | Queue | Villager (Male) |
| 25:49 | Build | House |
| 26:02 | Build | Farm |
| 26:11 | Build | Watch Tower |
| 26:19 | Queue | Camel Scout |
| 26:34 | Build | Farm |
| 26:44 | Build | Farm |
| 26:47 | Build | Farm |
| 27:19 | Queue | Villager (Male) |
| 27:19 | Queue | Villager (Male) |
| 27:25 | Build | Mining Camp |
| 28:06 | Queue | Villager (Male) |
| 28:17 | Build | Stone Wall |
| 28:19 | Queue | Camel Scout |
| 28:19 | Queue | Camel Scout |
| 28:33 | Build | House |
| 28:51 | Queue | Villager (Male) |
| 28:52 | Queue | Villager (Male) |
| 29:07 | Build | Farm |
| 29:36 | Build | Blacksmith |
| 29:51 | Research | Castle Age |
| 29:59 | Build | Farm |
| 30:05 | Research | Scale Barding Armor |
| 30:15 | Queue | Camel Scout |
| 30:47 | Queue | Camel Scout |
Match timeline
| 7:00 | Toskas123 · wall_segment Palisade Wall x1 |
| 7:02 | Toskas123 · wall_segment Palisade Wall x1 |
| 8:52 | FC_M@sTer · wall_segment Palisade Wall x1 |
| 8:54 | FC_M@sTer · wall_segment Palisade Wall x1 |
| 8:55 | FC_M@sTer · wall_segment Palisade Wall x1 |
| 9:12 | FC_M@sTer · wall_segment Palisade Wall x1 |
| 9:17 | FC_M@sTer · wall_segment Palisade Wall x1 |
| 10:00 | Toskas123 · age_up feudal |
| 11:11 | FC_M@sTer · wall_segment Palisade Wall x2 |
| 11:26 | Toskas123 · wall_segment Palisade Wall x1 |
| 11:32 | Toskas123 · wall_segment Palisade Wall x1 |
| 11:38 | FC_M@sTer · wall_segment Palisade Wall x1 |
| 11:56 | FC_M@sTer · wall_segment Palisade Wall x1 |
| 12:01 | FC_M@sTer · wall_segment Palisade Wall x1 |
| 13:37 | Toskas123 · first_building Barracks |
| 15:02 | Toskas123 · first_building Stable |
| 17:06 | FC_M@sTer · wall_segment Palisade Wall x1 |
| 17:19 | FC_M@sTer · wall_segment Palisade Wall x1 |
| 17:20 | FC_M@sTer · wall_segment Palisade Wall x1 |
| 17:39 | FC_M@sTer · wall_segment Palisade Wall x2 |
| 17:48 | FC_M@sTer · first_building Barracks |
| 18:37 | FC_M@sTer · age_up feudal |
| 20:48 | FC_M@sTer · first_market_sell 100 food |
| 20:48 | FC_M@sTer · first_market_buy 100 wood |
| 20:53 | FC_M@sTer · first_building Stable |
| 22:08 | Toskas123 · wall_segment Palisade Wall x6 |
| 23:43 | FC_M@sTer · wall_segment Palisade Wall x6 |
| 23:44 | FC_M@sTer · wall_segment Palisade Wall x2 |
| 23:59 | Toskas123 · wall_segment Stone Wall x4 |
| 24:32 | FC_M@sTer · age_up castle |
| 24:33 | Toskas123 · wall_segment Stone Wall x4 |
| 24:46 | Toskas123 · wall_segment Stone Wall x3 |
| 25:39 | Toskas123 · wall_segment Palisade Wall x1 |
| 25:44 | FC_M@sTer · first_building Siege Workshop |
| 27:31 | FC_M@sTer · first_building Castle |
| 28:17 | Toskas123 · wall_segment Stone Wall x1 |
| 32:31 | Toskas123 · age_up castle |
| 32:39 | Toskas123 · first_market_sell 100 wood |
| 33:02 | Toskas123 · first_market_buy 100 stone |
| 33:18 | Toskas123 · first_building Castle |
| 33:57 | FC_M@sTer · first_building Monastery |
| 35:07 | FC_M@sTer · wall_segment Stone Wall x1 |
| 36:41 | FC_M@sTer · wall_segment Palisade Wall x5 |
| 43:09 | FC_M@sTer · age_up imperial |
| 46:36 | Toskas123 · first_building Siege Workshop |
| 52:29 | Toskas123 · wall_segment Palisade Wall x1 |
| 52:31 | Toskas123 · wall_segment Palisade Wall x1 |
| 54:08 | Toskas123 · first_building Monastery |
| 56:07 | Toskas123 · age_up imperial |
| 63:13 | FC_M@sTer · first_building Archery Range |
| 71:43 | FC_M@sTer · wall_segment Palisade Wall x2 |
[ AI ANALYSIS · 1 CREDIT ]
What really happened in this match?
Wolo.gg analyzes every decision: build order, eco, micro, common mistakes by bracket. Personalized analysis on WhatsApp or Discord in 30 seconds.
Civ guide
Persians
Perfil
Jugador #9750433